 Dungeon Crawl Stone Soup version 0.21-a0-251-g5e8393f (webtiles) character file.

401 sagitran the Slasher (level 6, -2/47 HPs)
             Began as a Demonspawn Gladiator on Sept 5, 2017.
             Killed by divine providence
             ... invoked by an orc priest
              (17 damage)
             ... on level 4 of the Dungeon.
             The game lasted 00:19:29 (3570 turns).

sagitran the Slasher (Demonspawn Gladiator)         Turns: 3570, Time: 00:19:30

Health: -2/47      AC:  7    Str: 17    XL:     6   Next: 54%
Magic:  7/7        EV: 13    Int:  9    God:
Gold:   225        SH:  4    Dex: 14    Spells: 5/7 levels left

rFire    . . .     SeeInvis .   a - +1 long sword
rCold    . . .     Gourm    .   i - +0 buckler
rNeg     . . .     Faith    .   b - +0 leather armour
rPois    .         Spirit   .   c - +0 helmet
rElec    .         Reflect  .   (no cloak)
rCorr    .         Harm     .   (no gloves)
MR       .....                  h - +0 pair of boots {Stlth+}
Stlth    ++........             B - amulet of rage
HPRegen  0.15/turn              (no ring)
MPRegen  0.10/turn              (no ring)

@: no status effects
A: hooves 1, iridescent scales 1, demonic guardian 1
a: Evoke Berserk Rage


You were on level 4 of the Dungeon.
You were not hungry.

You visited 1 branch of the dungeon, and saw 5 of its levels.
You also visited: Sewer.

You collected 225 gold pieces.

Inventory:

Hand Weapons
 a - a +1 long sword (weapon)
 m - a +2 dagger of venom
 q - a +1 short sword of draining
Missiles
 d - 3 throwing nets (quivered)
Armour
 b - a +0 leather armour (worn)
 c - a +0 helmet (worn)
 h - a +0 pair of boots of stealth (worn)
 i - a +0 buckler (worn)
 u - a +0 chain mail
Jewellery
 B - an amulet of rage (around neck)
Scrolls
 e - 2 scrolls of identify {unknown}
 g - 3 scrolls of blinking {unknown}
 k - 8 scrolls of teleportation
 l - a scroll of fog
 s - 3 scrolls of amnesia
 y - a scroll of fear {unknown}
 D - a scroll of remove curse {unknown}
Potions
 j - 2 potions of haste {unknown}
 n - a potion of agility {unknown}
 r - 3 potions of degeneration {unknown}
 t - a potion of curing {unknown}
 v - a potion of berserk rage {unknown}
 w - a potion of brilliance {unknown}
 x - a potion of flight {unknown}
 z - 2 potions of invisibility {unknown}
 A - a potion of might {unknown}
Books
 p - a book of Callings

   Spells                             Type                      Level
   a - Summon Small Mammal            Summoning                    1
   b - Call Imp                       Summoning                    2
   c - Call Canine Familiar           Summoning                    3
   d - Summon Guardian Golem          Hexes/Summoning              3
   e - Summon Lightning Spire         Summoning/Air                4
   f - Summon Ice Beast               Ice/Summoning                4
Comestibles
 f - 2 bread rations
 o - 2 meat rations
 E - 3 fruits


   Skills:
 + Level 3.2 Fighting
 + Level 4.6 Long Blades
 + Level 1.9 Throwing
 + Level 1.8 Armour
 + Level 3.5 Dodging
 + Level 0.4 Stealth
 + Level 1.1 Shields
 + Level 1.0 Spellcasting
 + Level 1.1 Summonings
 + Level 0.6 Evocations


You had 5 spell levels left.
You knew the following spells:

 Your Spells              Type           Power        Failure   Level  Hunger
a - Call Imp              Summ           #.......     52%         2    ###....


Dungeon Overview and Level Annotations

Branches:
Dungeon (5/15)
 Temple: D:4-7

Altars:
Qazlal
Trog

Annotations:
D:2 Sigmund


Innate Abilities, Weirdness & Mutations

You have large cloven feet.
You are partially covered in iridescent scales. (AC +2)
A weak demonic guardian rushes to your aid.


Message History

Your quasit barely misses the orc wizard.
Your quasit claws the orc wizard.
The orc wizard dies!
The orc hits your iron imp but does no damage.
Your iron imp barely misses the orc priest.
You hit the orc.
You kill the orc!
The orc hits your iron imp but does no damage.
The hound closely misses you.
You riposte.
You hit the hound.
The hound is lightly wounded.
Your iron imp barely misses the orc.
You hit the hound.
The hound is moderately wounded.
The hound closely misses you.
The orc hits your iron imp with a dagger.
Your quasit bites the orc.
Your quasit claws the orc.
Your quasit barely misses the orc.
The orc priest mumbles some strange prayers to Beogh against you.
Beogh smites you!
You die...

....................
..........#####.#...........
..........# #...........(.
..........######............
............................
..........##.##.............
.................................
...........)...##...............#
...........†..oh@................
............5#5#####.............
...# .#.##...o.##...........#.###
s..##. #####################<..
...... #......................
...... #..#...#...#...#...#...
...... #_.....................
#..... #..#...#...#...#...#...
.... #......................


You could see a hound, an orc priest, an orc, a friendly iron imp and a friendly
quasit.

Vanquished Creatures
  2 orc priests (D:3)
  An orc wizard (D:3)
  An iguana (D:5)
  2 worker ants (D:4)
  4 adders
  4 oozes (Sewer)
  6 worms
  2 dart slugs
  8 leopard geckos
  12 orcs
  3 ball pythons
  6 giant cockroaches
  9 goblins
  4 hobgoblins
  4 jackals (Sewer)
  A quokka (D:3)
  11 bats
  10 frilled lizards
  A jackal zombie (D:5)
  3 kobolds
  7 rats
101 creatures vanquished.

Vanquished Creatures (collateral kills)
  A scorpion (D:4)
  An orc wizard (D:4)
  A leopard gecko (D:4)
  An orc (D:3)
  A quokka (D:4)
5 creatures vanquished.

Grand Total: 106 creatures vanquished

Notes
Turn   | Place    | Note
-------+----------+-------------------------------------------
     0 | D:1      | sagitran the Demonspawn Gladiator began the quest for the Orb.
     0 | D:1      | Reached XP level 1. HP: 16/16 MP: 1/1
   236 | D:1      | Gained mutation: You are partially covered in iridescent scales. (AC +2) [demonic ancestry]
   236 | D:1      | Reached XP level 2. HP: 22/22 MP: 2/2
   354 | D:1      | Reached skill level 3 in Long Blades
   813 | D:2      | Noticed Sigmund
   827 | D:2      | Reached XP level 3. HP: 27/27 MP: 3/3
   833 | D:2      | Found a stormy altar of Qazlal.
   834 | D:2      | Noticed a water elemental
   838 | D:2      | Noticed a fire elemental
   980 | D:3      | Found a glowing drain.
  1218 | Sewer    | Entered a sewer
  1422 | Sewer    | Gained mutation: You have large cloven feet. [demonic ancestry]
  1422 | Sewer    | Reached XP level 4. HP: 31/33 MP: 4/4
  2159 | D:3      | Learned a level 2 spell: Call Imp
  2365 | D:3      | Reached skill level 1 in Armour
  2368 | D:3      | Reached skill level 4 in Long Blades
  2368 | D:3      | Gained mutation: A weak demonic guardian rushes to your aid. [demonic ancestry]
  2368 | D:3      | Reached XP level 5. HP: 37/39 MP: 5/5
  2551 | D:4      | Found a bloodstained altar of Trog.
  2613 | D:3      | Reached skill level 1 in Spellcasting
  2613 | D:3      | Reached skill level 1 in Summonings
  3198 | D:4      | Reached XP level 6. HP: 42/46 MP: 7/7
  3266 | D:4      | Reached skill level 1 in Shields
  3286 | D:5      | Entered Level 5 of the Dungeon
  3570 | D:4      | Killed from afar by an orc priest

Vault maps used:
D:1:      lemuel_arrival_hallway, nrook_loot_triangle
D:2:      nemelex_xobeh_ov_fountains_minmay, chequers_ecumenical_altar_twisty,
          nicolae_qazlal_style_of_elements, uniq_sigmund
D:3:      first_bread, portal_sewer_entry_f
D:4:      lemuel_coloured_pillars_altar, minmay_close_crescents
Sewer:    sewer_fruit_machine

Skill      XL: |  1  2  3  4  5  6 |
---------------+-------------------+-----
Dodging        | 3 |  3.5
Long Blades    | 3 4 |  4.6
Armour         | 1 |  1.8
Spellcasting   | 1 |  1.0
Summonings     | 1 |  1.1
Fighting       | 3 |  3.2
Shields        | 1 |  1.1
Throwing       | |  1.9
Stealth        | |  0.4
Evocations     | |  0.6

Action                   |  1- 3 |  4- 6 || total
-------------------------+-------+-------++-------
Melee: Long sword        |   161 |   202 ||   363
       Kick              |       |    15 ||    15
 Cast: Call Imp          |       |     5 ||     5
 Abil: Evoke Berserk Rag |       |     1 ||     1
  Use: Scroll            |     2 |     4 ||     6
 Stab: Sleeping          |     1 |     2 ||     3
  Eat: Chunk             |     2 |     5 ||     7
       Royal jelly       |       |     1 ||     1
       Bread ration      |       |     1 ||     1
Armor: Leather armour    |    37 |    68 ||   105
       Chain mail        |    98 |    54 ||   152
Dodge: Dodged            |   128 |   115 ||   243
Block: Buckler           |    33 |    36 ||    69
       Rpst.: Long sword |    46 |    33 ||    79

Table legend:
 A = Spawn XP
 B = Non-spawn XP
 C = Spawn XP percentage of total XP
 D = Spawn monster count
 E = Non-spawn monster count
 F = Spawn count percentage of total count
 G = Total turns spent on level
                    A         B        C        D         E        F      G
               +---------+---------+-------+---------+---------+-------+---------
         Total |      38 |     536 |   6.6 |      13 |      93 |  12.3 |  3570
               +---------+---------+-------+---------+---------+-------+---------
           D:1 |       2 |      29 |   6.5 |       2 |      17 |  10.5 |   751
           D:2 |       0 |      28 |   0.0 |       0 |       9 |   0.0 |   196
           D:3 |      33 |     192 |  14.7 |      10 |      28 |  26.3 |  1448
           D:4 |       3 |     168 |   1.8 |       1 |      13 |   7.1 |   402
           D:5 |       0 |      40 |   0.0 |       0 |       2 |   0.0 |    45
         Sewer |       0 |      79 |   0.0 |       0 |      24 |   0.0 |   728
               +---------+---------+-------+---------+---------+-------+---------
